 Dungeon Crawl Stone Soup version 0.30-a0-149-g7f746667c4 (webtiles) character file.

Game seed: 11438580949385280137

2690 purpskrrrp the Grappler (level 9, -4/133 HPs)
             Began as a Troll Berserker on Sept 26, 2022.
             Was an Elder of Trog.
             Slain by an orc
             ... wielding a +0 flail
              (7 damage)
             ... on level 7 of the Dungeon.
             The game lasted 00:13:39 (4949 turns).

purpskrrrp the Grappler (Troll Berserker)           Turns: 4949, Time: 00:13:40

Health: -4/133     AC:  7    Str: 37    XL:     9   Next: 38%
Magic:  8/8        EV: 12    Int:  3    God:    Trog [****..]
Gold:   248        SH:  0    Dex: 15    Spells: 8/8 levels left

rFire   . . .      SeeInvis .      - Unarmed
rCold   . . .      Faith    .    (no shield)
rNeg    . . .      Spirit   .    y - +2 robe "Tuwer" {Contam Harm Rampage}
rPois   +          Reflect  .    (helmet restricted)
rElec   .          Harm     +    r - +0 cloak
rCorr   .          Rampage  +    (gloves unavailable)
Will    ++...                    (boots unavailable)
Stlth   ..........               (no amulet)
HPRegen 2.12/turn                s - +6 ring of dexterity
MPRegen 0.11/turn                k - +6 ring of strength

@: berserking, strong-willed, regenerating, hasted, very quick
A: large, unfitting armour, claws 3, regeneration 1, shaggy fur 1, tough skin 1,
antennae 1, high MP 1, poison resistance, sturdy frame 1
a: Renounce Religion, Berserk, Trog's Hand, Brothers in Arms


You were on level 7 of the Dungeon.
You worshipped Trog.
Trog was greatly pleased with you.
You visited 1 branch of the dungeon, and saw 7 of its levels.

You collected 315 gold pieces.
You spent 67 gold pieces at shops.

Inventory:

Armour
 a - a +0 animal skin
 p - a +2 robe of the Archmagi
 r - a +0 cloak (worn)
 y - the +2 robe "Tuwer" (worn) {Contam Harm Rampage}
   (You found it on level 6 of the Dungeon)

   Contam:    It causes magical contamination when unequipped.
   Harm:      It increases damage dealt and taken.
   Rampage:   It bestows one free step when moving towards enemies.
Jewellery
 d - a ring of see invisible
 k - a +6 ring of strength (right claw)
 s - a +6 ring of dexterity (left claw)
 t - a ring of protection from fire
 u - a +6 ring of intelligence
Wands
 b - a wand of roots (10)
 f - a wand of digging (8)
 n - a wand of paralysis (8)
 v - a wand of quicksilver (8)
Scrolls
 i - a scroll of amnesia
 q - 2 scrolls of fear
 z - a scroll of teleportation
Potions
 c - 4 potions of haste
 e - a potion of degeneration
 g - a potion of flight
 h - 3 potions of mutation
 j - 3 potions of attraction
 l - 3 potions of curing
 o - a potion of magic
 x - a potion of invisibility


   Skills:
 + Level 6.0 Fighting
 + Level 6.0 Dodging
 * Level 9.5 Unarmed Combat


You had 8 spell levels left.
You didn't know any spells.
Your spell library contained the following spells:

 Spells                   Type           Power      Damage    Failure   Level
 Cigotuvi's Dreadful Rot  Necr/Pois/Air  0%         N/A       67%         2
 Poisonous Vapours        Pois/Air       0%         N/A       67%         2
 Ozocubu's Armour         Ice            0%         N/A       88%         3
 Metabolic Englaciation   Hex/Ice        0%         N/A       100%        5
 Simulacrum               Ice/Necr       0%         N/A       100%        6


Dungeon Overview and Level Annotations

Branches:
Dungeon (7/15)             Temple (0/1) D:4

Altars:
Makhleb
Okawaru
Ru
Sif Muna
Xom

Shops:
D:5 *

Annotations:
D:6 1 runed translucent door, IdlyInterested's ghost, novice FoFi


Innate Abilities, Weirdness & Mutations

You are too large for most types of armour.
You have claws for hands.
Your natural rate of healing is unusually fast.
You are covered in fur. (AC +1)
You have tough skin. (AC +1)
You have a pair of small antennae on your head.
You have an increased reservoir of magic. (+10% MP)
Your system is resistant to poisons. (rPois)
Your movements are slightly less encumbered by armour. (ER -2)


Message History

You are too injured to fight recklessly!
You are too injured to fight recklessly!
You are too injured to fight recklessly!
You are too injured to fight recklessly!
You are too injured to fight recklessly!
You are too injured to fight recklessly!
The orc barely misses you.
You see here a +0 mace.
You feel yourself speed up.
The orc priest calls down the wrath of Beogh upon you.
Beogh smites you! The orc warrior misses you. The orc hits you with a +0 flail.
Your skin crawls.
You feel strong-willed. The orc hits you with a +0 flail.
The orc warrior hits you from afar with a +0 glaive.
* * * LOW HITPOINT WARNING * * *
The orc hits you but does no damage.
You claw the orc priest!
You kill the orc priest!
Trog accepts your kill.
Your Fighting skill increases to level 6!
You mangle the orc!!
You kill the orc!
Trog accepts your kill. The orc barely misses you. The orc warrior misses you.
You see here a +0 club.
You closely miss the orc warrior. The orc barely misses you.
The orc warrior hits you with a +0 glaive!
* * * LOW HITPOINT WARNING * * *
You scratch the orc warrior. Your claw misses the orc warrior.
The orc warrior is moderately wounded.
You barely miss the orc warrior.
The orc warrior is moderately wounded.
The orc barely misses you.
The orc warrior hits you with a +0 glaive!
* * * LOW HITPOINT WARNING * * *
A red film seems to cover your vision as you go berserk!
You feel yourself moving faster!
You feel mighty! The orc hits you with a +0 flail.
You die...

#........<........
##................
#......##).......
##..###.....####.#
####...........#
.#
.....#...#######
........##
......o)#
......)@#
......o.#
........#
..$.....#
.........
......### .....#
#####


You could see an orc warrior and an orc.

Vanquished Creatures
  Pikel (D:4)
  Grinder (D:3)
  Sigmund (D:6)
  Eustachio (D:6)
  A water moccasin (D:5)
  Duvessa (D:4)
  A sky beast (D:7)
  An orc warrior (D:5)
  2 ogres
  A centaur (D:7)
  2 lemures
  A phantom (D:5)
  Blork the orc (D:4)
  2 bullfrogs
  2 scorpions
  Dowan (D:4)
  A howler monkey (D:5)
  6 orc priests
  3 iguanas
  6 orc wizards
  4 gnolls
  6 adders
  A worm (D:2)
  2 dart slugs
  29 orcs
  10 bats
  8 endoplasms
  6 giant cockroaches
  5 goblins
  6 hobgoblins
  3 jackals (D:4)
  2 quokkas
  4 ball pythons
  3 frilled lizards
  2 kobolds
  4 rats
131 creatures vanquished.

Vanquished Creatures (others)
  2 withered plants (D:6)
2 creatures vanquished.

Grand Total: 133 creatures vanquished

Notes
Turn   | Place    | Note
-------+----------+-------------------------------------------
     0 | D:1      | purpskrrrp the Troll Berserker began the quest for the Orb.
     0 | D:1      | Reached XP level 1. HP: 22/22 MP: 0/0
    66 | D:1      | Reached XP level 2. HP: 29/29 MP: 1/1
    66 | D:1      | Found a faded altar of an unknown god.
   621 | D:2      | Reached XP level 3. HP: 36/36 MP: 2/2
   861 | D:2      | Found a sacrificial altar of Ru.
   866 | D:2      | Reached ** piety under Trog
  1311 | D:3      | Reached XP level 4. HP: 32/45 MP: 3/3
  1474 | D:3      | Found a sacrificial altar of Ru.
  1847 | D:3      | Noticed Grinder
  1856 | D:3      | Paralysed by Grinder for 3 turns
  1862 | D:3      | Killed Grinder
  1863 | D:3      | Reached skill level 4 in Unarmed Combat
  1863 | D:3      | Reached XP level 5. HP: 16/53 MP: 4/4
  1863 | D:3      | Reached XP level 6. HP: 18/61 MP: 5/5
  1908 | D:3      | Reached skill level 5 in Unarmed Combat
  1991 | D:3      | Gained mutation: You have a pair of small antennae on your
                  | head. [potion of mutation]
  1991 | D:3      | Gained mutation: Your system is resistant to poisons.
                  | (rPois) [potion of mutation]
  1991 | D:3      | Gained mutation: Your movements are slightly less
                  | encumbered by armour. (ER -2) [potion of mutation]
  1991 | D:3      | Gained mutation: You have an increased reservoir of magic.
                  | (+10% MP) [potion of mutation]
  2453 | D:4      | Noticed Dowan
  2453 | D:4      | Noticed Duvessa
  2473 | D:4      | Killed Duvessa
  2474 | D:4      | Reached XP level 7. HP: 40/70 MP: 6/6
  2481 | D:4      | Killed Dowan
  2482 | D:4      | Reached skill level 6 in Unarmed Combat
  2609 | D:4      | Noticed Pikel
  2621 | D:4      | Killed Pikel
  2622 | D:4      | Reached skill level 7 in Unarmed Combat
  2622 | D:4      | Reached XP level 8. HP: 44/79 MP: 7/7
  2677 | D:4      | Found a staircase to the Ecumenical Temple.
  2822 | D:4      | Noticed Blork the orc
  2834 | D:4      | Killed Blork the orc
  3054 | D:4      | Found a burning altar of Makhleb.
  3383 | D:5      | Entered Level 5 of the Dungeon
  3393 | D:5      | Reached *** piety under Trog
  3394 | D:5      | Reached skill level 5 in Fighting
  3394 | D:5      | Reached skill level 5 in Dodging
  3459 | D:5      | Found a shimmering altar of Xom.
  3487 | D:5      | Reached skill level 8 in Unarmed Combat
  3638 | D:5      | Found Epemoq's Neck Hole.
  3904 | D:5      | Found a shimmering blue altar of Sif Muna.
  4054 | D:5      | Bought a +0 cloak for 67 gold pieces
  4071 | D:6      | Noticed Sigmund
  4079 | D:6      | Killed Sigmund
  4111 | D:6      | Reached XP level 9. HP: 62/88 MP: 8/8
  4174 | D:6      | Found an iron altar of Okawaru.
  4414 | D:6      | Noticed Eustachio
  4423 | D:6      | Killed Eustachio
  4424 | D:6      | Reached skill level 9 in Unarmed Combat
  4428 | D:6      | Found a runed translucent door.
  4429 | D:6      | Noticed IdlyInterested's ghost (novice FoFi)
  4431 | D:6      | Identified the +2 robe "Tuwer" {Contam Harm Rampage}
  4804 | D:7      | Reached **** piety under Trog
  4948 | D:7      | HP: 1/89 [orc warrior/+0 glaive (14)]
  4949 | D:7      | Slain by an orc

Illustrated notes

Levels and vault maps discovered:
D:1:      dpeg_arrival_stonehenge_8_columns, layout_rooms,
          dreamdust_ecumenical_altar_statues, minmay_pentomino_t4
D:2:      layout_basic, basic_altar
D:3:      layout_basic, nicolae_ru_sacrificial_ziggurat, grunt_decor_arrowhead,
          minmay_cut_off, uniq_grinder
D:4:      layout_cave_pods, mainiacjoe_overflow_alcove_2, temple_statues,
          uniq_pikel, uniq_duvessa, uniq_blork_the_orc
D:5:      layout_basic, lemuel_round_altar, led_sif_pool,
          nicolae_shop_sticking_my_neck_out
D:6:      layout_basic, okawaru_trees_2, gammafunk_ghost_grave, roderic_batcave,
          st_stairs_1, uniq_eustachio, uniq_sigmund
D:7:      layout_rooms, hellmonk_guarded_unrand_lears

Skill      XL: |  1  2  3  4  5  6  7  8  9 |
---------------+----------------------------+-----
Fighting       | 3 4 5 6 |  6.0
Dodging        | 3 4 5 6 |  6.0
Unarmed Combat | 4 5 7 8 9 |  9.5

Action                   |  1- 3 |  4- 6 |  7- 9 || total
-------------------------+-------+-------+-------++-------
Melee: Unarmed           |    92 |   109 |   199 ||   400
       Punch             |     3 |     2 |     7 ||    12
Invok: Trog's Hand       |       |       |     2 ||     2
  Use: Scroll            |     2 |     8 |     5 ||    15
       Potion            |       |     1 |     3 ||     4
 Stab: Sleeping          |       |     1 |       ||     1
Armor: Animal skin       |    27 |    22 |    14 ||    63
       Robe              |       |       |    38 ||    38
Dodge: Dodged            |    35 |    51 |    82 ||   168

Table legend: (Time is in decaauts)
 A = Elapsed time spent in this place.
 B = Non-inter-level travel time spent in this place.
 C = Inter-level travel time spent in this place.
 D = Time resting spent in this place.
 E = Time spent auto-exploring this place.
 F = Levels seen in this place.
 G = Mean time per level.
                   A        B        C        D        E       F      G
               +--------+--------+--------+--------+--------+-----+--------+
         Total |   4881 |   4527 |    354 |    228 |   3369 |   7 |  697.3 |
       Dungeon |   4881 |   4527 |    354 |    228 |   3369 |   7 |  697.3 |
               +--------+--------+--------+--------+--------+-----+--------+

Top non-repeatable levels by time:
     D:4: 1177 daAuts
     D:3: 929 daAuts
     D:2: 820 daAuts
     D:6: 691 daAuts
     D:5: 678 daAuts
     D:1: 434 daAuts
     D:7: 150 daAuts
